 Dungeon Crawl Stone Soup version 0.19-a0-790-ge39e1af (webtiles) character file.

325722 Ijustatesigmund the Blocker (level 22, -12/169 HPs)
             Began as a Formicid Fighter on June 25, 2016.
             Was the Champion of Cheibriados.
             Mangled by a large abomination (24 damage)
             ... created by a deep elf high priest
             ... on level 3 of the Elven Halls on June 26, 2016.
             The game lasted 03:24:46 (41117 turns).

Ijustatesigmund the Blocker (Formicid Fighter)     Turns: 41117, Time: 03:24:47

Health: -12/169    AC: 14    Str: 35    XL:     22   Next: 99%
Magic:  4/31       EV: 23    Int: 28    God:    Cheibriados [******]
Gold:   2671       SH: 29    Dex: 33    Spells: 8 memorised, 1 level left

rFire  + + .     SeeInvis +     t - +10 dagger of Meireedd {pierce, MR++ Str+3 Dex+2}
rCold  + + +     Gourm    .     w - +2 scale mail {rC+}
rNeg   . . .     Faith    .     G - +5 large shield {rF+}
rPois  .         Spirit   .     (helmet unavailable)
rElec  +         Dismiss  .     J - +1 cloak {rC+}
rCorr  .         Reflect  .     U - +0 pair of gloves of Xeem {rElec rF+ rC+}
SustAt .         Harm     .     D - +2 pair of boots
MR     +++++                    O - amulet "Xullioso" {Regen+ Slay+3}
Stlth  +++++.....               N - +4 ring of evasion
                                k - ring "Qoli" {Wiz +Blink MR+ Str-3 Slay+3}

@: corroded, very slightly contaminated, studying Air Magic, very slow, almost
entirely resistant to hostile enchantments, quite stealthy
A: permanent stasis, dig shafts and tunnels, four strong arms, antennae 3,
blurry vision 1, clever 1, cold resistance 1, weak 1
a: Dig, Shaft Self, Bend Time, Temporal Distortion, Slouch, Step From Time,
Renounce Religion
}: 1/15 runes: gossamer


You were on level 3 of the Elven Halls.
You worshipped Cheibriados.
Cheibriados was exalted by your worship.
You were not hungry.

You visited 7 branches of the dungeon, and saw 35 of its levels.
You also visited: Ice Cave and Volcano.

You collected 3233 gold pieces.
You spent 562 gold pieces at shops.

Inventory:

Hand Weapons
 t - the +10 dagger of Meireedd (weapon) {pierce, MR++ Str+3 Dex+2}
   (You found it on level 4 of the Dungeon)

   It inflicts extra damage upon your enemies.
   It affects your strength (+3).
   It affects your dexterity (+2).
   It affects your resistance to hostile enchantments.
 H - the +9 heavy crossbow "Sniper" {velocity, nevermiss, SInv}
   (You found it on level 6 of the Lair of Beasts)

   Any bolt fired from it inflicts extra damage.
   It lets you see invisible.
 I - the +6 demon blade of Imbalance {slice, rElec}
   (You found it in an ice cave)

   It inflicts extra damage upon your enemies.
   It insulates you from electricity.
Missiles
 a - 1142 bolts
 i - 5 silver tomahawks (quivered)
Armour
 w - a +2 scale mail of cold resistance (worn)
 D - a +2 pair of boots (worn)
 G - a +5 large shield of fire resistance (worn)
 J - a +1 cloak of cold resistance (worn)
 P - a fire dragon hide
 U - the +0 pair of gloves of Xeem (worn) {rElec rF+ rC+}
   (You acquired it on level 2 of the Vaults)

   It protects you from fire.
   It protects you from cold.
   It insulates you from electricity.
 X - the -1 pair of gloves "Joixof" {+Inv rPois}
   (You found it on level 6 of the Lair of Beasts)

   It protects you from poison.
   It lets you turn invisible.
Jewellery
 k - the ring "Qoli" (left hand) {Wiz +Blink MR+ Str-3 Slay+3}
   (You found it on level 4 of the Lair of Beasts)

   [ring of wizardry]

   It improves your spell success rate.
   It affects your strength (-3).
   It affects your accuracy and damage with ranged weapons and melee attacks
   (+3).
   It affects your resistance to hostile enchantments.
   It lets you blink.
 q - an uncursed ring of resist corrosion
 r - a +4 ring of protection
 N - a +4 ring of evasion (right hand)
 O - the amulet "Xullioso" (around neck) {Regen+ Slay+3}
   (You bought it in a shop on level 15 of the Dungeon)

   [amulet of regeneration]

   It affects your accuracy and damage with ranged weapons and melee attacks
   (+3).
   It increases your rate of regeneration.
 Q - an uncursed ring of protection from fire
 S - a +5 amulet of reflection
Wands
 l - a wand of acid (3/15)
 z - a wand of lightning (0/15)
 K - a wand of heal wounds (4/9)
 Z - a wand of enslavement (4/24)
Scrolls
 o - 8 scrolls of immolation
 p - 6 scrolls of enchant weapon
 x - 2 scrolls of amnesia
 y - 14 scrolls of remove curse
 C - 7 scrolls of fear
 E - a scroll of fog
 M - 7 scrolls of identify
Potions
 c - 3 potions of beneficial mutation
 g - 2 potions of flight
 h - 7 potions of ambrosia
 j - 5 potions of curing
 m - 2 potions of resistance
 s - 9 potions of brilliance
 v - 2 potions of might
 A - 3 potions of agility
 B - 3 potions of cancellation
 V - 3 potions of cure mutation
 W - 6 potions of lignification
Books
 d - a manual of Air Magic
 n - Riyf Boklu's Papyrus of the Magi
   (You found it on level 1 of the Elven Halls)

   Spells                             Type                      Level
   a - Pain                           Necromancy                   1
   b - Corpse Rot                     Necromancy                   2
   c - Sublimation of Blood           Necromancy                   2
   d - Vampiric Draining              Necromancy                   3
   e - Death Channel                  Necromancy                   6
 L - Roxanne's Guide on the Rocks
   (You took it off Roxanne on level 2 of the Elven Halls)

   Spells                             Type                      Level
   a - Sandblast                      Earth                        1
   b - Stone Arrow                    Conjuration/Earth            3
   c - Leda's Liquefaction            Hexes/Earth                  4
   d - Bolt of Magma                  Conjuration/Fire/Earth       5
   e - Statue Form                    Transmutation/Earth          6
Miscellaneous
 R - a lamp of fire
Comestibles
 f - 17 bread rations
 u - 10 meat rations
 F - 14 slices of pizza
 T - 28 fruits


   Skills:
 - Level 13.1 Fighting
 - Level 14.0(15.6) Short Blades
 - Level 12.0(14.5) Long Blades
   Level 5.4 Axes
 - Level 6.2 Crossbows
 - Level 10.0 Armour
 - Level 8.0 Dodging
 - Level 12.1 Stealth
 - Level 14.2 Shields
 - Level 6.0 Spellcasting
 + Level 11.7 Conjurations
 + Level 9.1 Transmutations
 - Level 4.0 Fire Magic
 - Level 11.7 Ice Magic
 - Level 10.4 Air Magic
 - Level 11.1 Poison Magic
 - Level 12.6 Invocations


You had one spell level left.
You knew the following spells:

 Your Spells              Type           Power        Failure   Level  Hunger
a - Conjure Flame         Conj/Fire      ######..     1%          3    None
b - Mephitic Cloud        Conj/Pois/Air  ######..     1%          3    None
c - Cure Poison           Pois           ######....   1%          2    None
d - Poisonous Cloud       Conj/Pois/Air  ######....   9%          6    ######.
e - Olgreb's Toxic Radia  Pois           ######..     1%          4    ###....
f - Freezing Cloud        Conj/Ice/Air   ######....   9%          6    ######.
g - Irradiate             Conj/Tmut      ######....   2%          5    #####..
h - Ignite Poison         Fire/Tmut/Pois ######..     1%          3    None


Dungeon Overview and Level Annotations

Branches:
Dungeon (15/15)            Temple (1/1) D:7            Lair (6/6) D:11
 Shoals (0/4) Lair:4       Spider (4/4) Lair:4          Orc (2/2) D:9
    Elf (3/3) Orc:2        Vaults (4/5) D:14          Crypt (0/3) Vaults:3
  Slime: Lair:5-6    Depths: D:15

Altars:
Ashenzari
Cheibriados
Dithmenos
Elyvilon
Fedhas
Gozag
Hepliaklqana
Kikubaaqudgha
Makhleb
Nemelex Xobeh
Okawaru
Pakellas
Qazlal
Ru
Sif Muna
Trog
Uskayaw
Vehumet
Xom
Yredelemnul
Zin
The Shining One
Beogh

Shops:
D:6 }   D:8 *   D:15 **%   Orc:2 [(%[   Elf:1 *   Elf:2 *   Vaults:4 ([

Portals:
Trove: D:13 (show abyssal rune of Zot)

Annotations:
D:6 Prince Ribbit


Innate Abilities, Weirdness & Mutations

You are under a permanent stasis effect.
You can dig through walls and to a lower floor.
Your four strong arms can wield two-handed weapons with a shield.
You have a pair of large antennae on your head. (SInv)
Scrolls take you a little longer to read.
Your mind is acute. (Int +2)
Your flesh is cold resistant. (rC+)
You are weak. (Str -2)


Message History

You are engulfed in freezing vapours.
You resist.
* * * LOW HITPOINT WARNING * * *
The deep elf master archer wields a longbow.
The deep elf master archer shoots an arrow.
You block the arrow.
The large abomination is engulfed in freezing vapours.
The large abomination closely misses you.
The large abomination is engulfed in freezing vapours.
You destroy the large abomination!
Cheibriados thoroughly appreciates the change of pace.
You don't have enough magic at the moment.
You feel better.
You are engulfed in freezing vapours.
You resist.
* * * LOW HITPOINT WARNING * * *
The deep elf master archer shoots an arrow.
You block the arrow.
The deep elf master archer shoots an arrow.
The arrow hits you but does no damage.
The large abomination is engulfed in freezing vapours.
The large abomination hits you!!
You die...

#.e# #..# {
#..# #..#
#.(# # #..##
... #§§§#
.....#####@§#
......+.§X)§#
......####.##
..... #.#
.... #.# ...
#.# .. #.# .
#.# #.#


You could see a deep elf master archer and a large abomination.

Vanquished Creatures
  Boris (Vaults:3)
  Xtahua (Vaults:2)
  Jorgrun (Spider:3)
  Rupert (D:14)
  Asterion (Vaults:1)
  2 deep elf blademasters
  A sphinx (Vaults:1)
  Roxanne (Elf:2)
  Kirke (Lair:4)
  The ghost of tstbtto the Severer, an adept DDFi of Yredelemnul (Vaults:1)
  A tengu reaver (Vaults:1)
  Agnes (Elf:1)
  A fire giant (Vaults:4)
  Gastronok (Lair:2)
  6 vault wardens
  Maud (D:14)
  3 ghost moths
  3 frost giants
  5 emperor scorpions
  5 deep elf elementalists (Elf:3)
  3 deep elf sorcerers (Elf:3)
  An orc warlord (Orc:2)
  Louise (D:15)
  2 ghouls (Vaults:3)
  5 ironheart preservers
  9 stone giants
  5 entropy weavers
  5 very ugly things (Vaults:3)
  4 deep elf demonologists
  5 deep elf annihilators
  Nessos (Lair:5)
  A vampire knight (Vaults:3)
  A spark wasp (Spider:4)
  5 dire elephants (Lair:6)
  4 deep elf death magi
  6 ettins
  An eidolon (Vaults:3)
  A fire dragon (Vaults:1)
  Fannar (Lair:2)
  17 yaktaur captains
  Josephine (D:15)
  The ghost of WhatIsLove the Cleaver, a journeyman TeGl of Hepliaklqana (D:13)
  The ghost of George the Severer, a journeyman HOFi of Qazlal (D:10)
  2 deep elf high priests (Elf:3)
  4 great orbs of eyes
  2 vault guards (D:14)
  A rakshasa (Vaults:1)
  5 hydras
  An anaconda (Lair:6)
  An ice dragon (Lair:4)
  A catoblepas (D:14)
  Erica (D:8)
  5 ogre magi
  8 centaur warriors
  18 dancing weapons
  2 death knights
  A hell hog (shapeshifter) (Vaults:1)
  Urug (D:14)
  4 death yaks
  A deep troll shaman (Vaults:1)
  3 orc high priests
  A small abomination (Elf:3)
  18 deep elf knights
  Sonja (D:12)
  A shadow wraith (Vaults:4)
  2 spriggans
  Nergalle (Orc:1)
  9 skeletal warriors
  2 fire crabs
  2 wizards
  3 deep trolls (Vaults:1)
  4 unseen horrors
  2 giant orange brains (Vaults:1)
  Pikel (D:6)
  3 hill giants
  2 necromancers
  A shadow dragon zombie (Vaults:3)
  4 harpies (Vaults:2)
  4 orc sorcerers
  14 deep elf archers
  16 orc knights
  48 wolf spiders
  14 ironbrand convokers
  4 griffons
  25 orb spiders
  33 ugly things
  An orb spider (shapeshifter) (Elf:3)
  17 hornets
  2 moths of wrath
  An elephant (shapeshifter) (Vaults:1)
  47 deep elf magi
  2 stone giant zombies (Vaults:3)
  6 cyclopes
  A manticore (shapeshifter) (Vaults:3)
  13 elephants
  A black mamba (shapeshifter) (Vaults:2)
  3 black mambas
  4 torpor snails
  9 vault sentinels
  A naga mage (D:15)
  2 ice statues (IceCv)
  7 spiny frogs
  2 gargoyles
  35 yaktaurs
  10 komodo dragons
  5 kobold demonologists
  11 ice devils (IceCv)
  7 freezing wraiths
  A rime drake (Lair:4)
  13 demonic crawlers
  7 trolls
  A troll (shapeshifter) (Vaults:4)
  36 jumping spiders
  2 meliai (shapeshifter)
  A wind drake (shapeshifter) (D:13)
  4 polar bears
  10 two-headed ogres
  A boulder beetle (shapeshifter) (Vaults:4)
  18 slime creatures
  16 blink frogs
  2 meliai zombies
  7 boulder beetles
  A stone giant simulacrum (Vaults:3)
  2 air elementals
  94 redbacks
  43 yaks
  A shadow (D:12)
  7 wraiths
  2 wyverns (D:8)
  Sigmund (D:4)
  A fire bat (Volcano)
  2 fire elementals
  11 hippogriffs
  39 tarantellas
  A human (shapeshifter) (Vaults:1)
  A yak (shapeshifter) (Vaults:1)
  A tarantella (shapeshifter) (Elf:1)
  4 basilisks
  22 humans
  3 hungry ghosts
  2 hogs
  A hippogriff (shapeshifter) (Vaults:4)
  A swamp worm (shapeshifter) (Elf:3)
  Menkaure (D:6)
  20 vampire mosquitoes
  10 wargs
  Edmund (D:5)
  5 mottled dragons
  22 soldier ants (Lair:5)
  Duvessa (D:5)
  15 water moccasins
  9 porcupines
  A hell hound (Volcano)
  55 orc warriors
  5 sky beasts
  2 phantoms
  4 wasps
  5 large abominations
  A black bear (shapeshifter) (Vaults:4)
  3 ice beasts
  A slave (D:6)
  An eye of draining (D:13)
  3 necrophages
  4 boggarts (Vaults:3)
  23 wolves
  27 ogres
  8 centaurs
  A wolf (shapeshifter) (Vaults:3)
  9 crocodiles
  Blork the orc (D:5)
  5 big kobolds
  7 elf zombies (Elf:1)
  A human zombie (Vaults:4)
  20 giant frogs
  2 glowing shapeshifter simulacra
  Dowan (D:5)
  3 gnoll sergeants
  11 scorpions
  16 wights
  12 killer bees
  An electric eel (D:11)
  2 giant frog zombies
  10 howler monkeys
  6 crimson imps
  6 centaur zombies
  7 hounds
  A jelly (D:9)
  A gnoll shaman (D:10)
  35 orc wizards
  27 orc priests
  6 centaur skeletons
  Jessica (D:2)
  2 giant frog skeletons
  Ijyb (D:2)
  15 iguanas
  Natasha (thrice) (D:4)
  19 worker ants
  24 sheep
  A hound skeleton (D:7)
  Robin (D:2)
  20 gnolls
  15 adders
  43 river rats
  7 shadow imps
  2 white imps (IceCv)
  14 ufetubi (IceCv)
  2 adder skeletons
  6 worms
  3 dart slugs
  5 giant geckos
  132 orcs
  3 giant cockroaches
  11 goblins
  10 hobgoblins
  15 jackals
  5 quokkas
  2 ball pythons
  3 bats (D:3)
  6 giant newts
  A jackal skeleton (D:4)
  18 kobolds
  A quokka skeleton (D:6)
  7 rats
  A crawling corpse (Elf:3)
  A fungus (D:2)
  A plant (Lair:6)
1760 creatures vanquished.

Vanquished Creatures (collateral kills)
  A slime creature (D:12)
  2 redbacks (Spider:4)
3 creatures vanquished.

Vanquished Creatures (others)
  2 deep elf elementalists (Elf:3)
  A deep elf knight (Vaults:2)
  An orc knight (Vaults:1)
  An elephant (Lair:6)
  A slime creature (D:12)
  A redback (Spider:4)
  A wyvern (D:14)
  2 humans (Lair:4)
  An orc warrior (D:11)
  A centaur (Vaults:4)
  A scorpion (Lair:4)
  An electric eel (D:11)
  A centaur skeleton (D:6)
  A worker ant (Lair:4)
  An ufetubus (IceCv)
  2 worms (Lair:4)
  14 fungi
  75 plants
108 creatures vanquished.

Grand Total: 1871 creatures vanquished

Notes
Turn   | Place    | Note
--------------------------------------------------------------
     0 | D:1      | Ijustatesigmund the Formicid Fighter began the quest for the Orb.
     0 | D:1      | Reached XP level 1. HP: 18/18 MP: 1/1
    28 | D:1      | Reached XP level 2. HP: 23/24 MP: 2/2
   663 | D:2      | Reached XP level 3. HP: 30/30 MP: 3/3
   664 | D:2      | Noticed Jessica
   675 | D:2      | Killed Jessica
   675 | D:2      | Reached XP level 4. HP: 35/37 MP: 4/4
   740 | D:2      | Noticed Ijyb
   761 | D:2      | Killed Ijyb
   828 | D:2      | Noticed Robin
   828 | D:2      | Reached XP level 5. HP: 37/42 MP: 5/5
   844 | D:2      | Killed Robin
  1030 | D:2      | Found a hazy altar of Hepliaklqana.
  1534 | D:3      | Noticed an ice beast
  1537 | D:3      | Reached XP level 6. HP: 31/49 MP: 6/6
  1543 | D:3      | Killed an ice beast
  1693 | D:3      | Found a blossoming altar of Fedhas.
  1966 | D:4      | Reached XP level 7. HP: 31/55 MP: 7/7
  2186 | D:4      | Reached skill level 5 in Fighting
  2204 | D:4      | Got a scorched rapier
  2205 | D:4      | Identified the +3 rapier of the Warrior-Mage {flame, rPois rC+ Str-5} (You found it on level 4 of the Dungeon)
  2221 | D:4      | Noticed Natasha
  2222 | D:4      | Noticed Sigmund
  2228 | D:4      | Killed Sigmund
  2228 | D:4      | Reached skill level 5 in Axes
  2228 | D:4      | Reached skill level 5 in Armour
  2228 | D:4      | Reached skill level 5 in Shields
  2231 | D:4      | Killed Natasha
  2430 | D:4      | Got an encrusted dagger
  2431 | D:4      | Identified the +10 dagger of Meireedd {pierce, MR++ Str+3 Dex+2} (You found it on level 4 of the Dungeon)
  2604 | D:4      | Noticed Natasha
  2611 | D:4      | Killed Natasha
  2611 | D:4      | Reached skill level 1 in Short Blades
  2621 | D:4      | Noticed Natasha
  2627 | D:4      | Killed Natasha
  2627 | D:4      | Reached XP level 8. HP: 49/62 MP: 8/8
  2876 | D:4      | Found a radiant altar of Vehumet.
  2877 | D:4      | Found a shimmering altar of Xom.
  2881 | D:4      | Found an oddly glowing altar of Pakellas.
  3235 | D:5      | Entered Level 5 of the Dungeon
  3289 | D:5      | Noticed Duvessa
  3290 | D:5      | Noticed Dowan
  3307 | D:5      | Killed Duvessa
  3312 | D:5      | You fall through a shaft for 2 floors!
  3622 | D:6      | Noticed Menkaure
  3627 | D:6      | Killed Menkaure
  3627 | D:6      | Reached skill level 5 in Short Blades
  3695 | D:6      | Noticed Pikel
  3719 | D:6      | Killed Pikel
  3719 | D:6      | Reached XP level 9. HP: 39/68 MP: 9/9
  3729 | D:6      | Found Jekle's Gadget Shoppe.
  4409 | D:5      | Noticed Edmund
  4433 | D:5      | Killed Edmund
  4587 | D:5      | Reached skill level 1 in Stealth
  4635 | D:5      | Noticed Blork the orc
  4644 | D:5      | Killed Blork the orc
  4891 | D:5      | Killed Dowan
  5177 | D:6      | Noticed Prince Ribbit
  5219 | D:6      | Reached XP level 10. HP: 76/76 MP: 10/10
  5335 | D:7      | Found a staircase to the Ecumenical Temple.
  5352 | Temple   | Entered the Ecumenical Temple
  5422 | Temple   | Became a worshipper of Cheibriados the Contemplative
  5632 | D:7      | You fall through a shaft for 2 floors!
  5967 | D:9      | Found an ancient bone altar of Kikubaaqudgha.
  6080 | D:8      | Reached skill level 5 in Stealth
  6100 | D:8      | Noticed Erica
  6115 | D:8      | Killed Erica
  6115 | D:8      | Reached skill level 10 in Short Blades
  6425 | D:8      | Reached * piety under Cheibriados
  6745 | D:7      | Got a scintillating ivory amulet
  6749 | D:7      | Identified the amulet of Magiops {Dismiss Dex+2} (You found it on level 7 of the Dungeon)
  7195 | D:8      | You fall through a shaft for 3 floors!
  7333 | D:11     | Reached XP level 11. HP: 71/86 MP: 7/11
  7345 | D:11     | Reached ** piety under Cheibriados
  7365 | D:11     | Noticed a six-headed hydra
  7624 | D:12     | Noticed Sonja
  7635 | D:12     | Reached skill level 1 in Dodging
  7635 | D:12     | Reached skill level 1 in Invocations
  7702 | D:12     | Noticed an unseen horror
  7717 | D:12     | Killed an unseen horror
  7805 | D:12     | You fall through a shaft for 3 floors!
  7805 | D:15     | Entered Level 15 of the Dungeon
  7829 | D:15     | Noticed Louise
  7865 | D:15     | Killed Louise
  7865 | D:15     | Reached skill level 5 in Invocations
  8218 | D:15     | Noticed an unseen horror
  8221 | D:15     | Killed an unseen horror
  8251 | D:15     | Found a glowing golden altar of the Shining One.
  8300 | D:15     | Found Qireer's Assorted Antiques.
  8303 | D:15     | Bought a pitted zirconium amulet for 140 gold pieces
  8303 | D:15     | Bought a scroll of identify for 56 gold pieces
  8303 | D:15     | Bought a scroll of identify for 56 gold pieces
  8303 | D:15     | Identified the amulet "Xullioso" {Regen+ Slay+3} (You bought it in a shop on level 15 of the Dungeon)
  8312 | D:15     | Noticed a skeletal warrior
  8324 | D:15     | Killed a skeletal warrior
  8324 | D:15     | Reached skill level 5 in Dodging
  8336 | D:15     | Noticed a skeletal warrior
  8376 | D:15     | Noticed a deep elf mage
  8407 | D:15     | Found Wiyfaf's Food Shoppe.
  8408 | D:15     | Noticed a red ugly thing
  8417 | D:15     | Noticed an unseen horror
  8422 | D:15     | Noticed an unseen horror
  8433 | D:15     | Killed an unseen horror
  8439 | D:15     | Killed an unseen horror
  8439 | D:15     | Reached XP level 12. HP: 63/93 MP: 17/17
  8521 | D:15     | Noticed Josephine
  8539 | D:15     | Killed Josephine
  8638 | D:14     | Reached *** piety under Cheibriados
  8983 | D:10     | Entered Level 10 of the Dungeon
  9141 | D:9      | Found a staircase to the Orcish Mines.
  9281 | D:8      | Found Zin's Purification Station.
  9283 | D:8      | Found a glowing silver altar of Zin.
  9389 | D:8      | Reached **** piety under Cheibriados
 10404 | D:10     | Reached ***** piety under Cheibriados
 10572 | D:10     | Noticed George's ghost (journeyman HOFi)
 10606 | D:10     | Killed George's ghost
 10774 | D:10     | Found an oddly glowing altar of Pakellas.
 10899 | D:11     | Reached skill level 10 in Fighting
 11044 | D:11     | Killed a six-headed hydra
 11289 | D:11     | Found a staircase to the Lair.
 11395 | D:11     | You fall through a shaft!
 11400 | D:12     | You fall through a shaft!
 11400 | D:13     | Noticed WhatIsLove's ghost (journeyman TeGl)
 11403 | D:13     | You fall through a shaft for 2 floors!
 11413 | D:15     | Noticed a sun demon
 11542 | D:15     | Found a bloodstained altar of Trog.
 11631 | D:15     | Found Vesa's General Store.
 11641 | D:15     | Noticed a soul eater
 11658 | D:15     | Noticed a skeletal warrior
 11659 | D:15     | Reached XP level 13. HP: 103/103 MP: 19/19
 11760 | D:14     | Reached skill level 10 in Stealth
 12140 | D:11     | Gained mutation: Your mind is acute. (Int +2) [potion of mutation]
 12140 | D:11     | Gained mutation: Your flesh is cold resistant. (rC+) [potion of mutation]
 12140 | D:11     | Gained mutation: You are weak. (Str -2) [potion of mutation]
 12202 | D:11     | You fall through a shaft for 2 floors!
 12358 | D:12     | Killed Sonja
 12483 | D:12     | Reached skill level 10 in Shields
 12959 | D:12     | Noticed a four-headed hydra
 13022 | D:12     | Killed a four-headed hydra
 13069 | D:12     | Reached skill level 10 in Invocations
 13589 | D:13     | Reached XP level 14. HP: 109/113 MP: 21/21
 13659 | D:13     | You fall through a shaft for 2 floors!
 14576 | D:13     | Killed WhatIsLove's ghost
 14653 | D:13     | Found a portal to a secret trove of treasure.
 14891 | D:14     | Noticed Maud
 14912 | D:14     | Killed Maud
 15249 | D:14     | You fall through a shaft!
 15654 | D:14     | Noticed Urug
 15655 | D:14     | Noticed Rupert
 15720 | Lair:1   | Entered Level 1 of the Lair of Beasts
 16406 | Lair:2   | Noticed Gastronok
 16411 | Lair:2   | Killed Gastronok
 16455 | Lair:2   | Reached XP level 15. HP: 120/120 MP: 24/24
 16476 | Lair:2   | Found a shimmering altar of Xom.
 16727 | Lair:2   | Noticed Fannar
 16755 | Lair:2   | Killed Fannar
 16876 | Lair:2   | Reached ****** piety under Cheibriados
 17467 | Lair:3   | Reached skill level 10 in Armour
 17519 | Lair:3   | Reached skill level 1 in Spellcasting
 18318 | Lair:4   | Got a clouded silver ring
 18378 | Lair:4   | Noticed Kirke
 18406 | Lair:4   | Killed Kirke
 18507 | Lair:4   | Found a dark tunnel.
 18517 | Volcano  | Entered a volcano
 18519 | Volcano  | Identified the ring "Qoli" {Wiz +Blink MR+ Str-3 Slay+3} (You found it on level 4 of the Lair of Beasts)
 18758 | Lair:4   | Found a frozen archway.
 18812 | IceCv    | Entered an ice cave
 19073 | IceCv    | Got a crystal demon blade
 19074 | IceCv    | Identified the +6 demon blade of Imbalance {slice, rElec} (You found it in an ice cave)
 19595 | Lair:4   | Found a hole to the Spider Nest.
 19635 | Lair:4   | Found a staircase to the Shoals.
 20099 | Lair:5   | Noticed Nessos
 20106 | Lair:5   | Killed Nessos
 20106 | Lair:5   | Reached XP level 16. HP: 128/128 MP: 25/25
 20377 | Lair:5   | You fall through a shaft!
 20377 | Lair:6   | Entered Level 6 of the Lair of Beasts
 21133 | Lair:5   | You fall through a shaft!
 21715 | Lair:5   | You fall through a shaft!
 22082 | Lair:5   | You fall through a shaft!
 22586 | Lair:6   | Got a pair of warped gloves
 22597 | Lair:6   | Identified the -1 pair of gloves "Joixof" {+Inv rPois} (You found it on level 6 of the Lair of Beasts)
 23033 | Orc:1    | Entered Level 1 of the Orcish Mines
 23326 | Orc:1    | Reached skill level 1 in Long Blades
 23390 | Orc:1    | You fall through a shaft!
 23390 | Orc:2    | Entered Level 2 of the Orcish Mines
 23748 | Orc:1    | Noticed Nergalle
 23777 | Orc:1    | Killed Nergalle
 24287 | Orc:2    | Found a staircase to the Elven Halls.
 24339 | Orc:2    | Found a roughly hewn altar of Beogh.
 24355 | Orc:2    | Found Syabb's Food Boutique.
 24432 | Orc:2    | Found a roughly hewn altar of Beogh.
 24471 | Orc:2    | Found a roughly hewn altar of Beogh.
 24622 | Orc:2    | Reached skill level 5 in Long Blades
 24722 | Orc:2    | Reached XP level 17. HP: 134/134 MP: 26/26
 24738 | Orc:2    | Found Kihif's Antique Armour Boutique.
 24745 | Orc:2    | Found Vadurhir's Antique Weapon Shop.
 24760 | Orc:2    | Found a roughly hewn altar of Beogh.
 24774 | Orc:2    | Bought a pair of glowing gloves for 76 gold pieces
 24810 | Orc:2    | Found a roughly hewn altar of Beogh.
 24907 | Orc:2    | Found a roughly hewn altar of Beogh.
 24908 | Orc:2    | Found Anwopna's Antique Armour Emporium.
 24941 | Orc:2    | Bought a transparent leather armour for 196 gold pieces
 24951 | Orc:2    | Identified the +3 leather armour of Death's Door {-Cast rPois rC+ SInv} (You bought it in a shop on level 2 of the Orcish Mines)
 25160 | Orc:2    | Found a roughly hewn altar of Beogh.
 25374 | Spider:1 | Entered Level 1 of the Spider Nest
 25750 | Spider:1 | You fall through a shaft!
 26248 | Spider:1 | Learned a level 3 spell: Conjure Flame
 26252 | Spider:1 | Learned a level 3 spell: Mephitic Cloud
 26447 | Spider:1 | Reached skill level 1 in Poison Magic
 26454 | Spider:1 | Reached skill level 1 in Conjurations
 26454 | Spider:1 | Reached skill level 1 in Fire Magic
 26454 | Spider:1 | Reached skill level 1 in Air Magic
 27363 | Spider:2 | Learned a level 2 spell: Cure Poison
 27674 | Spider:2 | Reached skill level 10 in Long Blades
 27689 | Spider:2 | You fall through a shaft!
 27696 | Spider:3 | You fall through a shaft!
 27696 | Spider:4 | Entered Level 4 of the Spider Nest
 27896 | Spider:2 | Reached XP level 18. HP: 133/141 MP: 27/27
 27960 | Spider:2 | You fall through a shaft!
 27971 | Spider:3 | Reached skill level 5 in Poison Magic
 28035 | Spider:3 | Noticed Jorgrun
 28042 | Spider:3 | Killed Jorgrun
 28122 | Spider:3 | Learned a level 6 spell: Poisonous Cloud
 28958 | Spider:3 | Identified 2 scrolls of acquirement
 29196 | Spider:3 | Reached skill level 5 in Air Magic
 29199 | Spider:3 | Reached skill level 5 in Conjurations
 29286 | Spider:4 | Learned a level 4 spell: Olgreb's Toxic Radiance
 30037 | Spider:4 | Got a gossamer rune of Zot
 30282 | Spider:4 | Reached XP level 19. HP: 148/148 MP: 28/28
 30671 | Lair:4   | Upgraded the game from 0.19-a0-753-gae73b43 to 0.19-a0-790-ge39e1af
 30845 | D:14     | Found a gate to the Vaults.
 30852 | Vaults:1 | Entered Level 1 of the Vaults
 30966 | Vaults:1 | Noticed tstbtto's ghost (adept DDFi)
 31021 | Vaults:1 | Killed tstbtto's ghost
 31671 | Vaults:1 | Learned a level 6 spell: Freezing Cloud
 31785 | Vaults:1 | Reached skill level 1 in Ice Magic
 32406 | Vaults:1 | Noticed Asterion
 32417 | Vaults:1 | Killed Asterion
 32957 | Vaults:1 | Reached XP level 20. HP: 136/156 MP: 29/29
 33290 | Vaults:2 | Gained mutation: Scrolls take you a little longer to read. [a neqoxec]
 33337 | Vaults:2 | Reached skill level 5 in Ice Magic
 34036 | Vaults:2 | Reached skill level 1 in Crossbows
 34070 | Vaults:2 | Noticed Xtahua
 34097 | Vaults:2 | Killed Xtahua
 34999 | Vaults:3 | Noticed Boris
 35008 | Vaults:3 | Killed Boris
 35358 | Vaults:3 | Got a slimy long sword {slice}
 35359 | Vaults:3 | Identified the cursed +1 long sword "Huckoc" {slice, Str+5} (You took it off a centaur warrior on level 3 of the Vaults)
 35474 | Vaults:3 | Reached skill level 5 in Crossbows
 35599 | Vaults:3 | Reached XP level 21. HP: 120/162 MP: 30/30
 35620 | Vaults:3 | Found a staircase to the Crypt.
 35809 | Vaults:3 | Reached skill level 10 in Ice Magic
 36140 | Vaults:3 | Reached skill level 5 in Spellcasting
 36260 | Vaults:2 | Got a pair of brightly glowing gloves
 36271 | Vaults:2 | Identified the +0 pair of gloves of Xeem {rElec rF+ rC+} (You acquired it on level 2 of the Vaults)
 36285 | Vaults:2 | Learned a level 5 spell: Irradiate
 36402 | Vaults:4 | Found Nytagal's Armour Boutique.
 36525 | Vaults:4 | Noticed a Brimstone Fiend
 37408 | Vaults:4 | Reached skill level 1 in Transmutations
 37454 | Vaults:4 | Reached skill level 10 in Poison Magic
 37648 | Vaults:4 | Found Kuodyzae's Weapon Emporium.
 38115 | D:14     | Killed Urug
 38133 | D:14     | Killed Rupert
 38244 | Lair:1   | Learned a level 3 spell: Ignite Poison
 38407 | Elf:1    | Entered Level 1 of the Elven Halls
 38537 | Elf:1    | Reached skill level 10 in Air Magic
 38537 | Elf:1    | Reached XP level 22. HP: 169/169 MP: 31/31
 38610 | Elf:1    | Found Sovviruh's Superlative Supplies.
 38920 | Elf:1    | Noticed Agnes
 38929 | Elf:1    | Killed Agnes
 39133 | Elf:1    | Identified Riyf Boklu's Papyrus of the Magi
 39399 | Elf:2    | Found Tunny's General Store.
 39402 | Elf:2    | Bought a scroll of identify for 38 gold pieces
 39575 | Elf:2    | Reached skill level 10 in Conjurations
 39591 | Elf:2    | Noticed Roxanne
 39595 | Elf:2    | Reached skill level 5 in Transmutations
 39613 | Elf:2    | Killed Roxanne
 39624 | Elf:2    | Identified Roxanne's Guide on the Rocks (You took it off Roxanne on level 2 of the Elven Halls)
 39850 | Elf:2    | Found a runed gate.
 39850 | Elf:2    | Found a runed gate.
 39850 | Elf:2    | Found a runed gate.
 40863 | Elf:2    | Found an ancient bone altar of Kikubaaqudgha.
 40875 | Elf:3    | Entered Level 3 of the Elven Halls
 41116 | Elf:3    | HP: 7/169 [cloud of freezing vapour (4)]
 41117 | Elf:3    | Mangled by a large abomination

Vault maps used:
D:1:      scummos_arrival_simple_fountains
D:2:      overflow_temple_1_default, minmay_gold_behind_fungi, uniq_iyjb,
          uniq_robin, uniq_jessica
D:3:      nicolae_overflow_hidden_temple
D:4:      minitemple, first_bread, uniq_sigmund, uniq_natasha
D:5:      uniq_duvessa, uniq_blork_the_orc, uniq_edmund
D:6:      serial_shops, nicolae_shop_crystal, minmay_statues_item,
          kennysheep_generic_room_15, uniq_pikel, uniq_menkaure,
          uniq_prince_ribbit1
D:7:      grunt_livestock
D:8:      zin_purify, minmay_misc_feat_pillars, uniq_erica
D:9:      kiku_gazebo_garden_becter, david_orc_2
D:10:     basic_altar
D:11:     david_lair_shrubbed, serial_bayou_lake_a
D:12:     uniq_sonja
D:13:     enter_trove_2
D:14:     grunt_vaults_entry_tiered, kennysheep_another_room, minivault_26,
          grunt_decor_fettered, grunt_ministairs_15, grunt_potential, uniq_maud,
          uniq_urug, uniq_rupert
D:15:     grunt_enter_depths_magical_seal, serial_shops, shop, shop,
          nicolae_shop_behind_doors, basic_altar,
          nicolae_tso_swordbearing_angel, uniq_josephine, uniq_louise
Temple:   regret_index_temple_waves
Lair:1:   pond
Lair:2:   basic_altar, beast_lair_carwin_8, uniq_gastronok, uniq_fannar
Lair:3:   serial_forest, infiniplex_forest_straight_3,
          infiniplex_forest_lined_corner, infiniplex_forest_lined_room_2,
          infiniplex_forest_zigzag_1, infiniplex_forest_straight_2,
          infiniplex_forest_straight_3, infiniplex_forest_join,
          infiniplex_forest_straight_2, infiniplex_forest_straight_2,
          infiniplex_forest_clump_C, grunt_forest_small_clearings,
          lemuel_fruit_fields, serial_bayou_shore_b
Lair:4:   shoals_dummy_entry, nicolae_spider_entry_non_spiders,
          portal_ice_cave_entry_animals_and_master,
          nicolae_volcano_entry_two_sided, grunt_forest_large_clearings,
          lemuel_fruit_fields, uniq_kirke
Lair:5:   minmay_slime_entry_oklob_enclosed, nicolae_quartered_pool_super,
          zaba_anthell, uniq_nessos
Lair:6:   due_jungle_book
Spider:2: nicolae_spider_corner, nicolae_spider_cling_ruins
Spider:3: uniq_jorgrun
Spider:4: grunt_spider_rune_parallel, spiders_nest_wasp_nest
Orc:1:    statue_in_the_mist_lemuel, uniq_nergalle
Orc:2:    grunt_orc_community_town_hall, grunt_orc_community_big_house_1,
          grunt_orc_community_big_house_2, grunt_orc_community_house_2,
          grunt_orc_community_house_1, grunt_orc_community_house_2,
          grunt_orc_community_house_2, grunt_orc_community_house_3,
          grunt_orc_community_house_1, mines5_lemuel
Elf:1:    minmay_elf_necromancy, minivault_14, corexii_leaking_fountain,
          nicolae_alphabet_shops, uniq_agnes
Elf:2:    serial_shops, nicolae_shop_behind_doors, st_stairs_13,
          lemuel_statue_altar, uniq_roxanne
Elf:3:    minmay_elf_hall_dome, serial_shops, nicolae_shop_waterfront,
          moated_statue
Vaults:1: vaults_standard_mumra_x, v_pattern_2, hangedman_vaults_trim,
          v_rooms_3, vaults_dpeg_ring, v_misc_10, hangedman_vaults_restitches,
          v_alt_pattern_4, dpeg_vaults_waves, vaults_dpeg_diagonal,
          vaults_room_fancy_cross, nicolae_vaults_hallways_thing,
          nicolae_vaults_ring_of_whatevers, vaults_mumra_lcd, uniq_asterion
Vaults:2: ontoclasm_vaults_ring_large, vaults_dpeg_cross, st_cells,
          nicolae_vaults_little_squares_4, nicolae_vaults_disjoint_gnomons,
          nicolae_vaults_specimen_jars, nicolae_vaults_bisected_exclaves,
          ontoclasm_vaults_pinch, uniq_xtahua
Vaults:3: hangedman_vaults_locks, minmay_crypt_entry_simple_box,
          nicolae_vaults_little_squares_6, v_alt_pattern_2,
          ontoclasm_vaults_misaligned, grunt_vaults_bifocal,
          hangedman_vaults_variations, nicolae_vaults_network_star, st_lines,
          v_misc_3, v_misc_14, nicolae_vaults_rhombus_7, v_misc_14,
          nicolae_vaults_yaktaur_gun_rack, uniq_boris
Vaults:4: v_misc_15, nicolae_vaults_theta, nicolae_vaults_minivaults,
          vaults_room_large_hall, nicolae_vaults_bisected_slash,
          nicolae_vaults_network_periphery, nicolae_vaults_asterisk,
          hangedman_vaults_slice, hangedman_vaults_trim, serial_shops,
          shop_statue, nicolae_shop_crystal
IceCv:    ice_cave_small_demon
Volcano:  volcano_village

Skill      XL: |  1  2  3  4  5  6  7  8  9 10 11 12 13 14 15 16 17 18 19 20 21 22 |
---------------+-------------------------------------------------------------------+-----
Fighting       | 4 5 6 8 10 11 12 13 | 13.1
Shields        | 4 5 8 10 12 13 14 | 14.2
Axes           | 3 4 5 |  5.4
Armour         | 4 5 6 7 9 10 | 10.0
Short Blades   | 1 7 9 10 11 14 | 14.0
Stealth        | 3 7 8 10 12 | 12.1
Dodging        | 5 6 7 8 |  8.0
Invocations    | 7 9 10 12 | 12.6
Spellcasting   | 4 6 |  6.0
Long Blades    | 5 10 11 12 | 12.0
Poison Magic   | 4 5 7 8 10 11 | 11.1
Conjurations   | 3 6 8 9 11 | 11.7
Fire Magic     | 3 4 |  4.0
Air Magic      | 2 8 9 10 | 10.4
Ice Magic      | 4 9 11 | 11.7
Crossbows      | 5 6 |  6.2
Transmutations | 2 9 |  9.1

Action                   |  1- 3 |  4- 6 |  7- 9 | 10-12 | 13-15 | 16-18 | 19-21 | 22-24 || total
-------------------------+-------+-------+-------+-------+-------+-------+-------+-------++-------
Melee: War axe           |    35 |   156 |    38 |       |       |       |       |       ||   229
       Dagger            |       |       |   218 |   708 |  1437 |   644 |       |    54 ||  3061
       Rapier            |       |       |       |    13 |   128 |       |       |       ||   141
       Demon blade       |       |       |       |       |       |  1113 |  1414 |   398 ||  2925
 Fire: Heavy crossbow    |       |       |       |       |       |       |     5 |       ||     5
Throw: Tomahawk          |       |       |     5 |     3 |       |     4 |     6 |     1 ||    19
 Cast: Conjure Flame     |       |       |       |       |       |       |     1 |       ||     1
       Mephitic Cloud    |       |       |       |       |       |       |     8 |       ||     8
       Freezing Cloud    |       |       |       |       |       |       |     4 |     6 ||    10
       Poisonous Cloud   |       |       |       |       |       |       |       |     1 ||     1
       Ignite Poison     |       |       |       |       |       |       |       |     1 ||     1
       Irradiate         |       |       |       |       |       |       |       |     1 ||     1
Invok: Bend Time         |       |       |       |     1 |       |       |       |       ||     1
       Slouch            |       |       |       |     2 |     4 |    14 |     5 |     4 ||    29
       Step From Time    |       |       |       |     1 |     1 |     2 |     1 |       ||     5
       Temporal Distorti |       |       |       |       |     1 |     1 |       |       ||     2
 Abil: Dig               |       |       |     1 |    11 |    21 |    18 |     2 |       ||    53
       Shaft Self        |       |       |     1 |     6 |     3 |    10 |       |       ||    20
Evoke: Wand              |       |       |       |     3 |    10 |    17 |     3 |       ||    33
  Use: Scroll            |     3 |     8 |     6 |     8 |    12 |    14 |     6 |     3 ||    60
       Potion            |       |     2 |     4 |     5 |     1 |     9 |     5 |     5 ||    31
 Stab: Sleeping          |       |       |       |     9 |    31 |    30 |    15 |    16 ||   101
       Invisible         |       |       |       |     1 |       |       |       |       ||     1
       Distracted        |       |       |       |     5 |     7 |    11 |     9 |       ||    32
       Confused          |       |       |       |       |       |       |     7 |       ||     7
  Eat: Chunk             |       |     3 |    10 |    11 |    13 |     5 |     4 |     3 ||    49
       Pizza             |       |       |     1 |       |       |       |       |       ||     1
       Fruit             |       |       |       |     5 |       |    23 |     8 |     7 ||    43
       Meat ration       |       |       |       |     1 |       |     1 |       |       ||     2
       Royal jelly       |       |       |       |     1 |       |       |     1 |       ||     2
       Beef jerky        |       |       |       |       |     5 |     1 |     3 |     1 ||    10
       Bread ration      |       |       |       |       |       |     1 |       |       ||     1
Armor: Scale mail        |    15 |    65 |    16 |    95 |   115 |    73 |    99 |    47 ||   525
       Chain mail        |       |       |    44 |       |       |       |       |       ||    44
       Leather armour    |       |       |       |       |       |   119 |     6 |       ||   125
Dodge: Dodged            |     2 |    56 |    33 |   193 |   352 |   756 |   402 |   155 ||  1949
Block: Shield            |    20 |   103 |    89 |   193 |       |       |       |       ||   405
       Large shield      |       |       |       |   220 |  1017 |  1948 |  1288 |   377 ||  4850
